[Event "Titled Tuesday Blitz August 1 Late 2023"]
[White "Osmonbekov, Talaibek"]
[Black "Herman, Daniel"]
[WhiteFideId "2017253"]
[BlackFideId "30935008"]
[WhiteElo "2187"]
[BlackElo "2435"]
[Result "0-1"]
[Round "2"]
[TimeControl "180+1"]
[Date "2023.08.01"]
[WhiteClock "0:00:00"]
[BlackClock "0:00:49"]
[Board "177"]

1. d4 g6 2. h4 c5 3. d5 e6 4. e4 Bg7 5. h5 Nf6 6. h6 Bf8 7. Nc3 exd5 8. exd5 d6 9. Bb5+ Bd7 10. a4 a6 11. Bxd7+ Nbxd7 12. Nf3 Qe7+ 13. Kf1 O-O-O 14. Bg5 Qe8 15. Qd3 Be7 16. Re1 Qf8 17. Rh4 Re8 18. a5 Bd8 19. Rxe8 Qxe8 20. b4 cxb4 21. Rxb4 Bxa5 22. Ra4 Nc5 23. Qd4 Bxc3 24. Qxc3 Qxa4 25. Bxf6 Re8 26. g3 Kb8 27. Bd4 Ne4 28. Qb2 Qb5+ 29. Qxb5 axb5 0-1


[Site "https://www.chess.com"]

[Event "Titled Tuesday Blitz August 1 Late 2023"]
[White "cedchass2006"]
[Black "Feliz Dotel, Dewar Bienvenido"]
[BlackFideId "6402801"]
[WhiteElo "2432"]
[BlackElo "2148"]
[Result "1/2-1/2"]
[Round "2"]
[TimeControl "180+1"]
[Date "2023.08.01"]
[WhiteClock "0:00:13"]
[BlackClock "0:00:14"]
[Board "178"]

1. e4 e5 2. Nf3 Nc6 3. Bb5 Nf6 4. O-O Nxe4 5. Re1 Nd6 6. Nxe5 Be7 7. Bf1 Nxe5 8. Rxe5 O-O 9. Nc3 Ne8 10. Nd5 Bc5 11. d4 Bd6 12. Re1 c6 13. Ne3 Bf4 14. g3 Bh6 15. Nf5 Bxc1 16. Ne7+ Kh8 17. Rxc1 d5 18. Nxc8 Rxc8 19. Bh3 Rc7 20. Qf3 Nd6 21. Bg2 Re7 22. c3 Rfe8 23. Kf1 Kg8 24. h4 h6 25. Qd3 Qd7 26. b3 g6 27. Qd2 Kg7 28. Qf4 Nb5 29. Qd2 Qd6 30. a4 Nc7 31. Bh3 Qf6 32. Qd3 Rxe1+ 33. Rxe1 Rxe1+ 34. Kxe1 Qe7+ 35. Qe2 Kf8 36. Kd2 Qxe2+ 37. Kxe2 Ke7 38. Ke3 b6 39. Kf4 Kd6 40. g4 Ne6+ 41. Ke3 g5 42. hxg5 hxg5 43. Bf1 c5 44. Bd3 Nf4 45. Bf5 f6 46. b4 cxb4 47. cxb4 a5 48. bxa5 bxa5 49. Kf3 Ke7 50. Ke3 Kd6 51. Kd2 Nh3 52. Ke3 Nf4 1/2-1/2


[Site "https://www.chess.com"]

[Event "Titled Tuesday Blitz August 1 Late 2023"]
[White "Vila Dupla, Aurelio"]
[Black "Kirillov, Dmitry"]
[WhiteFideId "2203383"]
[BlackFideId "34180572"]
[WhiteElo "2148"]
[BlackElo "2431"]
[Result "0-1"]
[Round "2"]
[TimeControl "180+1"]
[Date "2023.08.01"]
[WhiteClock "0:01:08"]
[BlackClock "0:01:46"]
[Board "179"]

1. Nf3 Nf6 2. d4 e6 3. g3 c5 4. c4 cxd4 5. Nxd4 d5 6. Bg2 e5 7. Nb5 a6 8. N5c3 d4 9. Nd5 Nxd5 10. cxd5 h5 11. h4 Nd7 12. O-O Nf6 13. e3 Bc5 14. exd4 Bxd4 15. Nc3 Bg4 16. Qa4+ b5 17. Qb3 O-O 18. Bg5 Qd6 19. Rfe1 Rac8 20. Ne2 Bxe2 21. Rxe2 Rc5 22. Bxf6 Qxf6 23. Rc2 Rfc8 24. Rac1 Bxf2+ 25. Kh2 Bxg3+ 0-1


[Site "https://www.chess.com"]

[Event "Titled Tuesday Blitz August 1 Late 2023"]
[White "Carrasco Miranda, Andres"]
[Black "Aung Thant Zin"]
[WhiteFideId "3405990"]
[BlackFideId "13000063"]
[WhiteElo "2431"]
[BlackElo "2147"]
[Result "1-0"]
[Round "2"]
[TimeControl "180+1"]
[Date "2023.08.01"]
[WhiteClock "0:00:38"]
[BlackClock "0:00:00"]
[Board "180"]

1. d4 Nf6 2. c4 e6 3. g3 c5 4. d5 exd5 5. cxd5 d6 6. Bg2 g6 7. Nc3 Bg7 8. Nf3 O-O 9. O-O Re8 10. Bf4 a6 11. a4 b6 12. Nd2 Nh5 13. Be3 Nd7 14. Nc4 Ne5 15. Nxe5 Bxe5 16. Qd2 Bd7 17. Rab1 b5 18. axb5 axb5 19. b4 c4 20. Bd4 Qf6 21. Bxe5 Qxe5 22. Ra1 Nf6 23. e4 Qe7 24. h3 Reb8 25. Kh2 Be8 26. f4 Rxa1 27. Rxa1 Qc7 28. Qd4 Nd7 29. Ra7 Qd8 30. e5 dxe5 31. fxe5 Qb6 32. Qxb6 Nxb6 33. d6 Bd7 34. Nd5 Nxd5 35. Bxd5 Rd8 36. Rc7 Kf8 37. h4 Ke8 38. Kg2 h5 39. Kf3 1-0


[Site "https://www.chess.com"]

[Event "Titled Tuesday Blitz August 1 Late 2023"]
[White "Cheng, Xiao"]
[Black "ayme97"]
[WhiteFideId "2022915"]
[WhiteElo "2430"]
[BlackElo "2144"]
[Result "1-0"]
[Round "2"]
[TimeControl "180+1"]
[Date "2023.08.01"]
[WhiteClock "0:01:45"]
[BlackClock "0:00:36"]
[Board "181"]

1. c4 e5 2. Nc3 g6 3. g3 Bg7 4. Bg2 d6 5. e3 f5 6. Nge2 Nf6 7. d4 e4 8. b4 O-O 9. Nf4 c6 10. Rb1 g5 11. Nh5 Ng4 12. h3 Nh6 13. h4 gxh4 14. Nxg7 Kxg7 15. Rxh4 d5 16. b5 dxc4 17. Bb2 Qg5 18. d5 Kg6 19. Qd4 Qf6 20. Qxc4 Qf7 21. Qe2 Ng4 22. Nxe4 fxe4 23. Rxg4+ Bxg4 24. Qxg4+ Kh6 25. Qh4+ Qh5 26. Bg7+ 1-0


[Site "https://www.chess.com"]

[Event "Titled Tuesday Blitz August 1 Late 2023"]
[White "Al Mukhaini, Shima"]
[Black "Tarnowska, Aleksandra"]
[WhiteFideId "22005854"]
[BlackFideId "1180967"]
[WhiteElo "2429"]
[BlackElo "2128"]
[Result "0-1"]
[Round "2"]
[TimeControl "180+1"]
[Date "2023.08.01"]
[WhiteClock "0:00:00"]
[BlackClock "0:00:09"]
[Board "182"]

1. Nf3 d5 2. c4 e6 3. cxd5 exd5 4. d4 Nf6 5. Nc3 Be7 6. Bf4 O-O 7. e3 c6 8. Bd3 Bg4 9. Qc2 Bh5 10. O-O-O Na6 11. a3 b5 12. Ne2 Qa5 13. Kb1 Rac8 14. Ng3 Bg6 15. Ne5 b4 16. Bxa6 Bxc2+ 17. Kxc2 Qxa6 18. axb4 Bxb4 19. Ra1 Qb7 20. Nf5 Nd7 21. Nd3 c5 22. Kd1 Qb5 23. Nxb4 Qxb4 24. Ke2 Qxb2+ 25. Kf3 cxd4 26. Nxd4 Qb4 27. Rhb1 Qe7 28. Rb2 Rfd8 29. Ke2 Ne5 30. Rab1 Nc4 31. Rb7 Qa3 32. Nf3 Qa2+ 33. Kf1 Nd2+ 34. Nxd2 Qxd2 35. h4 Qd3+ 36. Kg1 d4 37. Kh2 dxe3 38. Bxe3 Qf5 39. g3 h6 40. Rxa7 Rc2 41. Rbb7 Rf8 42. Re7 Re2 43. Bd4 Rxe7 44. Rxe7 Qd5 45. Be3 Qd6 46. Re4 Rd8 47. Rf4 Qe7 48. Rd4 Rxd4 49. Bxd4 Qd7 50. Be3 Qd1 51. Kg2 Qe2 52. Kh2 f5 53. Kg2 Kf7 54. Bd4 g5 55. Be3 gxh4 56. gxh4 Qg4+ 57. Kf1 f4 58. Bd4 f3 59. Ke1 Qxh4 60. Be3 Qh1+ 61. Kd2 h5 62. Kd3 h4 63. Ke4 h3 64. Kf4 h2 65. Kg3 Qg2+ 66. Kf4 h1=Q 67. Ke4 Qh4+ 68. Kd3 Qf1+ 69. Kc3 Qhc4+ 0-1


[Site "https://www.chess.com"]

[Event "Titled Tuesday Blitz August 1 Late 2023"]
[White "Ardito, Andrew"]
[Black "Ingunza Curro, Andres"]
[WhiteFideId "2033976"]
[BlackFideId "24526371"]
[WhiteElo "2110"]
[BlackElo "2429"]
[Result "0-1"]
[Round "2"]
[TimeControl "180+1"]
[Date "2023.08.01"]
[WhiteClock "0:00:10"]
[BlackClock "0:00:11"]
[Board "183"]

1. e4 d6 2. d4 Nf6 3. Nc3 c6 4. Nf3 Nbd7 5. e5 Ng8 6. Bc4 d5 7. Bd3 e6 8. O-O Be7 9. Ne2 c5 10. c3 h5 11. c4 dxc4 12. Bxc4 Nb6 13. Bb3 Nh6 14. Ng3 h4 15. Nh5 Nf5 16. dxc5 Qxd1 17. Rxd1 Bxc5 18. Nf4 Bd7 19. Ng5 Bc6 20. a4 Nd7 21. Nxf7 Kxf7 22. Bxe6+ Ke7 23. Bxf5 Nxe5 24. Re1 Kf6 25. Bc2 Rae8 26. Be3 Bxe3 27. Rxe3 Ng4 28. Rc3 Rd8 29. Ne2 Rd2 30. Rf3+ Bxf3 31. gxf3 Rxc2 32. Nf4 Ne5 0-1


[Site "https://www.chess.com"]

[Event "Titled Tuesday Blitz August 1 Late 2023"]
[White "Gyulamiryan-koryun"]
[Black "Gabdushev, Ruslan"]
[BlackFideId "4137833"]
[WhiteElo "2105"]
[BlackElo "2429"]
[Result "0-1"]
[Round "2"]
[TimeControl "180+1"]
[Date "2023.08.01"]
[WhiteClock "0:00:30"]
[BlackClock "0:01:39"]
[Board "184"]

1. e4 Nc6 2. f4 d5 3. e5 Bf5 4. Nf3 f6 5. d4 Qd7 6. Bb5 a6 7. Bxc6 Qxc6 8. Nc3 e6 9. O-O Nh6 10. h3 Bb4 11. Bd2 Bxc3 12. Bxc3 Be4 13. Qd2 Nf5 14. Kh2 h5 15. h4 Nh6 16. exf6 gxf6 17. Qe3 Nf5 18. Qf2 Rg8 19. Rg1 Rg4 20. Kh3 O-O-O 21. Rac1 Rxf4 22. Bd2 Rg4 23. c3 Rdg8 24. b4 Qd6 25. Nh2 Rg3+ 26. Qxg3 Qxg3# 0-1


[Site "https://www.chess.com"]

[Event "Titled Tuesday Blitz August 1 Late 2023"]
[White "Vega Gutierrez, Sabrina"]
[Black "ilya2700"]
[WhiteFideId "2219026"]
[WhiteElo "2428"]
[BlackElo "2082"]
[Result "0-1"]
[Round "2"]
[TimeControl "180+1"]
[Date "2023.08.01"]
[WhiteClock "0:00:00"]
[BlackClock "0:01:13"]
[Board "185"]

1. e4 c5 2. Nf3 e6 3. d4 cxd4 4. Nxd4 Nf6 5. Nc3 Nc6 6. Nxc6 bxc6 7. e5 Nd5 8. Ne4 Qc7 9. f4 Qb6 10. c4 Ne3 11. Qd3 Bb4+ 12. Bd2 O-O 13. c5 Bxc5 14. Nxc5 Nxf1 15. Na4 Qb5 16. Qxb5 cxb5 17. Rxf1 bxa4 18. Bb4 Re8 19. Rc1 Bb7 20. Rf2 Rec8 21. Bc5 Rc6 22. Rd2 Rac8 23. Rxd7 h6 24. Rxb7 Rxc5 25. Rxc5 Rxc5 26. Kd2 Rd5+ 27. Ke3 a5 28. h4 h5 29. g3 Rc5 30. Kd4 Rd5+ 31. Kc4 Rd2 32. Rb5 Rg2 33. Rxa5 Rxg3 34. Rxa4 Rg4 35. Kd3 Rxh4 36. Rb4 Rg4 37. Ke3 h4 38. Kf3 h3 39. Kxg4 h2 40. a4 h1=Q 41. Rb5 Qd1+ 42. Kg3 Qxa4 43. Rc5 Qb4 44. Rc3 Qxb2 45. Rf3 Kh7 0-1


[Site "https://www.chess.com"]

[Event "Titled Tuesday Blitz August 1 Late 2023"]
[White "Hartikainen, Jarmo"]
[Black "Necromon"]
[WhiteFideId "503134"]
[WhiteElo "2081"]
[BlackElo "2425"]
[Result "0-1"]
[Round "2"]
[TimeControl "180+1"]
[Date "2023.08.01"]
[WhiteClock "0:00:11"]
[BlackClock "0:00:58"]
[Board "186"]

1. e4 c5 2. c3 d5 3. exd5 Qxd5 4. d4 Nf6 5. Nf3 Bg4 6. Be2 e6 7. Na3 Nbd7 8. Be3 cxd4 9. Nb5 Rc8 10. Nbxd4 Bc5 11. O-O O-O 12. Nc2 Rfd8 13. Qxd5 Nxd5 14. Bxc5 Nxc5 15. Nfd4 Bxe2 16. Nxe2 Na4 17. Rab1 Ndb6 18. Ncd4 e5 19. Nf5 Kf8 20. Rfe1 Rd2 21. Neg3 f6 22. Ne4 Rxb2 23. Rxb2 Nxb2 24. Nfd6 Rc7 25. Rb1 N2a4 26. Rb3 Nc4 27. Rxb7 Rc6 28. Rxa7 Nxd6 29. Nxd6 Rxd6 30. Rxa4 Rd1# 0-1


[Site "https://www.chess.com"]

[Event "Titled Tuesday Blitz August 1 Late 2023"]
[White "Nikolova, Adriana"]
[Black "Winkels, Marcel"]
[WhiteFideId "2908689"]
[BlackFideId "1003887"]
[WhiteElo "2421"]
[BlackElo "2081"]
[Result "1-0"]
[Round "2"]
[TimeControl "180+1"]
[Date "2023.08.01"]
[WhiteClock "0:00:07"]
[BlackClock "0:00:00"]
[Board "187"]

1. d4 Nf6 2. Bf4 g6 3. e3 Bg7 4. h3 O-O 5. Nf3 d6 6. Bh2 c5 7. c3 Nc6 8. Be2 Qb6 9. Qb3 Be6 10. Qxb6 axb6 11. O-O Rxa2 12. Rxa2 Bxa2 13. Na3 Be6 14. Nb5 cxd4 15. Nfxd4 Nxd4 16. exd4 Ra8 17. Re1 Ra2 18. b4 h6 19. g4 g5 20. Nc7 Bb3 21. Bf3 Bf8 22. Bg3 e6 23. Nb5 d5 24. Bc7 Bc4 25. Nd6 b5 26. Nxb7 Ra7 27. Be5 Nxg4 28. Bxg4 Rxb7 29. Ra1 Bg7 30. Ra8+ Kh7 31. Kg2 Bxe5 32. dxe5 Rd7 33. Bf3 d4 34. Bc6 Rc7 35. Be4+ Kg7 36. cxd4 Rd7 37. Bc6 Rxd4 38. Ra7 Rf4 39. Rb7 Rf5 40. Kg3 Rxe5 41. Be8 Rf5 42. Bd7 Bd5 43. Rb6 Rf3+ 44. Kg2 Rd3+ 45. Kh2 Rd2 46. Kg3 Rd3+ 47. Kh2 h5 48. Be8 Re3 49. fxe3 e5 50. Rd6 Be6 51. Bxb5 g4 52. hxg4 hxg4 53. Kg3 Kf6 54. Rd8 Ke7 55. Rb8 Kd6 56. Ba6 Kc7 57. Rb7+ Kc6 58. b5+ Kc5 59. Rc7+ Kd6 60. Rc6+ Kd5 61. Bc8 e4 62. Bxe6+ fxe6 63. Rc8 Kd6 64. b6 Kd7 65. b7 Kd6 66. b8=Q+ 1-0


[Site "https://www.chess.com"]

[Event "Titled Tuesday Blitz August 1 Late 2023"]
[White "Semenova, Alina"]
[Black "Jorajuria Mendoza, Algol"]
[WhiteFideId "24113875"]
[BlackFideId "5128897"]
[WhiteElo "2080"]
[BlackElo "2421"]
[Result "0-1"]
[Round "2"]
[TimeControl "180+1"]
[Date "2023.08.01"]
[WhiteClock "0:00:03"]
[BlackClock "0:00:52"]
[Board "188"]

1. e4 c5 2. Nf3 Nc6 3. d4 cxd4 4. Nxd4 Nf6 5. Nc3 e5 6. Ndb5 d6 7. Bg5 a6 8. Na3 b5 9. Nd5 Be7 10. Bxf6 Bxf6 11. c3 O-O 12. h4 Be6 13. Nc2 Bxd5 14. Qxd5 Ne7 15. Qd3 d5 16. Ne3 d4 17. Ng4 dxc3 18. Qg3 cxb2 19. Nxf6+ Kh8 20. Rb1 Rc8 21. Bd3 Rc1+ 22. Ke2 Rxh1 23. Rxh1 gxf6 24. Rb1 Ng6 25. Rxb2 Nf4+ 26. Kd2 Qa5+ 27. Kd1 Rd8 28. Rd2 Qc3 29. Qf3 Qa1+ 30. Kc2 Rc8+ 31. Kb3 Qc3# 0-1


[Site "https://www.chess.com"]

[Event "Titled Tuesday Blitz August 1 Late 2023"]
[White "MrLudus"]
[Black "Davidson, Kevin"]
[BlackFideId "2056810"]
[WhiteElo "2055"]
[BlackElo "2420"]
[Result "0-1"]
[Round "2"]
[TimeControl "180+1"]
[Date "2023.08.01"]
[WhiteClock "0:00:40"]
[BlackClock "0:00:15"]
[Board "189"]

1. e4 c5 2. Nf3 d6 3. d4 cxd4 4. Nxd4 Nf6 5. Nc3 a6 6. Bd3 e5 7. Nde2 Be7 8. O-O O-O 9. Ng3 Be6 10. Nd5 Bxd5 11. exd5 g6 12. c4 Nbd7 13. Bh6 Re8 14. Rc1 Bf8 15. Be3 Bg7 16. Kh1 a5 17. b3 b6 18. f4 exf4 19. Bxf4 Ne5 20. Be2 Ra7 21. Qd2 Nfd7 22. Bg5 f6 23. Bh6 Nc5 24. Bxg7 Kxg7 25. Rf2 f5 26. Qd4 Kg8 27. Rb1 Qe7 28. h3 Nf7 29. Rbf1 Qe3 30. Qh4 Qg5 31. Qd4 Qxg3 32. Rf3 Qe5 0-1


[Site "https://www.chess.com"]

[Event "Titled Tuesday Blitz August 1 Late 2023"]
[White "Joubert, Dantelle"]
[Black "Viana Da Costa, Fernando"]
[WhiteFideId "14310813"]
[BlackFideId "2111900"]
[WhiteElo "2052"]
[BlackElo "2417"]
[Result "0-1"]
[Round "2"]
[TimeControl "180+1"]
[Date "2023.08.01"]
[WhiteClock "0:00:00"]
[BlackClock "0:01:08"]
[Board "191"]

1. e4 c5 2. Nf3 Nc6 3. d4 cxd4 4. Nxd4 g6 5. Nc3 Bg7 6. Be3 Nf6 7. Nxc6 bxc6 8. e5 Ng8 9. Bd4 Qc7 10. Qe2 f6 11. f4 fxe5 12. fxe5 Nh6 13. g4 Nf7 14. e6 Bxd4 15. exf7+ Kxf7 16. Qc4+ d5 17. Qxd4 e5 18. Qf2+ Kg7 19. O-O-O Rf8 20. Qh4 e4 21. Be2 Qe5 22. Rdf1 Bd7 23. g5 Bf5 24. Rf4 Rae8 25. Rhf1 Kg8 26. Bg4 d4 27. Nd1 e3 28. Be2 c5 29. Bc4+ Kh8 30. Bd3 e2 31. Re1 exd1=Q+ 32. Rxd1 Qe3+ 33. Kb1 Bxd3 34. Rxf8+ Rxf8 35. cxd3 Qe2 36. Qe1 Rf2 37. Qxe2 Rxe2 38. Rf1 Kg7 39. Rf6 c4 40. dxc4 d3 41. Kc1 Rc2+ 0-1


[Site "https://www.chess.com"]

[Event "Titled Tuesday Blitz August 1 Late 2023"]
[White "dorpato"]
[Black "Sari, Yasin"]
[BlackFideId "6320902"]
[WhiteElo "2039"]
[BlackElo "2417"]
[Result "0-1"]
[Round "2"]
[TimeControl "180+1"]
[Date "2023.08.01"]
[WhiteClock "0:00:01"]
[BlackClock "0:00:28"]
[Board "192"]

1. e4 g6 2. d4 Bg7 3. Nc3 d6 4. Nf3 a6 5. Be2 b5 6. h3 Nf6 7. a3 Bb7 8. Bd3 c5 9. d5 O-O 10. O-O c4 11. Be2 Nbd7 12. Re1 Nc5 13. Bf1 Rc8 14. Bg5 h6 15. Bf4 Kh7 16. Nd2 Nfd7 17. Be3 e5 18. Bxc5 Nxc5 19. Rc1 f5 20. f3 h5 21. b4 Nd7 22. Ne2 Bh6 23. c3 Nf6 24. Kh1 fxe4 25. Nxe4 Nxe4 26. fxe4 Bxc1 27. Qxc1 Rc7 28. Qg5 Qxg5 0-1


[Site "https://www.chess.com"]

[Event "Titled Tuesday Blitz August 1 Late 2023"]
[White "Dominguez Rincon, Miller Duvan"]
[Black "Kazakov, Mikhail"]
[WhiteFideId "4406583"]
[BlackFideId "14102749"]
[WhiteElo "1986"]
[BlackElo "2414"]
[Result "0-1"]
[Round "2"]
[TimeControl "180+1"]
[Date "2023.08.01"]
[WhiteClock "0:00:00"]
[BlackClock "0:01:09"]
[Board "193"]

1. e4 c5 2. Nf3 d6 3. d4 cxd4 4. Nxd4 Nf6 5. Nc3 a6 6. Bc4 e6 7. Bb3 Be7 8. g4 O-O 9. g5 Nfd7 10. Bxe6 fxe6 11. Nxe6 Qa5 12. Nxf8 Nxf8 13. Qd5+ Qxd5 14. Nxd5 Bd8 15. Be3 Nc6 16. O-O-O Be6 17. f4 Bxd5 18. Rxd5 Bc7 19. h4 Re8 20. Bd2 Rxe4 21. Re1 Rxe1+ 22. Bxe1 Ne6 23. Bd2 Ne7 24. Rd3 Nf5 25. b4 Nxh4 26. a4 Nf5 27. c4 Kf7 28. c5 dxc5 29. bxc5 Ke7 30. Rd5 g6 31. c6 bxc6 32. Rd3 Bxf4 33. Rh3 Bxd2+ 34. Kxd2 Nxg5 35. Rb3 Ne4+ 36. Kc1 Nc5 37. Rb6 Kd6 38. Rb8 Nxa4 39. Rh8 h6 40. Rg8 g5 0-1


[Site "https://www.chess.com"]

[Event "Titled Tuesday Blitz August 1 Late 2023"]
[White "Pein, Jonathan"]
[Black "Porat, Tori"]
[WhiteFideId "417092"]
[BlackFideId "30982626"]
[WhiteElo "2414"]
[BlackElo "1981"]
[Result "1-0"]
[Round "2"]
[TimeControl "180+1"]
[Date "2023.08.01"]
[WhiteClock "0:00:09"]
[BlackClock "0:00:00"]
[Board "194"]

1. c4 e5 2. g3 Nf6 3. Bg2 Nc6 4. Nc3 Bb4 5. e4 O-O 6. Nge2 Nd4 7. O-O d6 8. d3 Bg4 9. f3 Be6 10. Be3 Bc5 11. Qd2 c6 12. Rab1 Qb6 13. Bf2 Nxe2+ 14. Qxe2 Bxf2+ 15. Qxf2 Rfd8 16. a3 d5 17. Qxb6 axb6 18. cxd5 cxd5 19. Rfc1 Rac8 20. Na4 b5 21. Nb6 Rc6 22. Rxc6 bxc6 23. a4 bxa4 24. Nxa4 Ra8 25. Nc5 dxe4 26. dxe4 Bc4 27. b3 Bb5 28. Rd1 h6 29. Bf1 Bxf1 30. Kxf1 Rb8 31. Rd6 Rb6 32. Ke2 Kf8 33. Rxf6 Rb5 34. Rxc6 Ra5 35. b4 Ra2+ 36. Ke3 Ra3+ 37. Nd3 Ra1 38. b5 f6 39. b6 Rb1 40. Rc8+ Ke7 41. Rc7+ Kd8 42. Rxg7 Rxb6 43. Rg6 h5 44. Nxe5 Rb3+ 45. Nd3 Ke7 46. Rh6 Rb5 47. Kf4 Rb3 48. Nc5 Rb5 49. Rxh5 Kf7 50. Rd5 Rb1 51. h4 Rh1 52. h5 Rh2 53. Rd7+ Ke8 54. g4 Rh3 55. Ra7 Kf8 56. Ne6+ Kg8 57. Nd4 Kh8 58. Nf5 Kg8 59. h6 Kh8 60. Ra8+ Kh7 61. Ra7+ Kh8 62. Ra6 Kh7 63. Rxf6 Kh8 64. g5 Kg8 65. g6 Rh5 66. h7+ 1-0


[Site "https://www.chess.com"]

[Event "Titled Tuesday Blitz August 1 Late 2023"]
[White "Vargas, Mauricio"]
[Black "Lima, Kleyton Alcantara"]
[WhiteFideId "4404572"]
[BlackFideId "22718397"]
[WhiteElo "1893"]
[BlackElo "2409"]
[Result "0-1"]
[Round "2"]
[TimeControl "180+1"]
[Date "2023.08.01"]
[WhiteClock "0:00:00"]
[BlackClock "0:00:32"]
[Board "196"]

1. e4 c5 2. Nc3 d6 3. f4 Nc6 4. Nf3 g6 5. Bb5 Bd7 6. Bxc6 Bxc6 7. d3 Bg7 8. O-O Nf6 9. Qe1 O-O 10. Qh4 e6 11. f5 d5 12. e5 Nd7 13. f6 Nxf6 14. exf6 Bxf6 15. Bg5 Bxg5 16. Nxg5 h5 17. Ne2 e5 18. Ng3 f5 19. Nf3 Qxh4 20. Nxh4 Kg7 21. Rae1 Rae8 22. Nf3 e4 23. dxe4 dxe4 24. Ng5 h4 25. Ne2 Bb5 26. Rf4 Rh8 27. Nh3 Kf6 28. Nc3 Bc6 29. Rd1 Re6 30. Re1 g5 31. Rf2 f4 32. Rd2 e3 33. Rd3 b5 34. Nd5+ Bxd5 35. Rxd5 Rc8 36. Rxg5 Rd8 37. Rg4 Rd2 38. Rxf4+ Ke7 0-1


[Site "https://www.chess.com"]

[Event "Titled Tuesday Blitz August 1 Late 2023"]
[White "Bakalchuk, Johnatan"]
[Black "Carlsen, Magnus"]
[WhiteFideId "2810301"]
[BlackFideId "1503014"]
[WhiteElo "2742"]
[BlackElo "3255"]
[Result "0-1"]
[Round "3"]
[TimeControl "180+1"]
[Date "2023.08.01"]
[WhiteClock "0:00:23"]
[BlackClock "0:00:59"]
[Board "1"]

1. e4 c5 2. Nf3 b6 3. d4 cxd4 4. Nxd4 Bb7 5. Nc3 a6 6. g3 g6 7. Bg2 Bg7 8. O-O Nc6 9. Be3 Ne5 10. b3 Nf6 11. h3 Rc8 12. Nd5 O-O 13. f4 Nc6 14. Nxc6 Rxc6 15. Nxf6+ exf6 16. Qd3 b5 17. Rad1 Qc8 18. Rf2 Rc3 19. Qe2 Re8 20. Bd4 Rxg3 21. Kh2 Rxg2+ 22. Rxg2 Rxe4 23. Qd2 Qc6 24. Rf2 Bh6 25. Be3 d5 26. Qd3 d4 27. Bd2 Rxf4 28. Qg3 Rxf2+ 29. Qxf2 Qxc2 30. Qxd4 Qc7+ 31. Kg1 Qg3+ 32. Kf1 Bg2+ 33. Ke2 Qf3+ 0-1


[Site "https://www.chess.com"]

[Event "Titled Tuesday Blitz August 1 Late 2023"]
[White "Firouzja, Alireza"]
[Black "Yanchenko, Roman"]
[WhiteFideId "12573981"]
[BlackFideId "4137329"]
[WhiteElo "3084"]
[BlackElo "2731"]
[Result "1-0"]
[Round "3"]
[TimeControl "180+1"]
[Date "2023.08.01"]
[WhiteClock "0:00:07"]
[BlackClock "0:00:00"]
[Board "2"]

1. d4 d5 2. c4 c6 3. Nf3 Nf6 4. Nc3 a6 5. e3 e6 6. b3 Bd6 7. Bd3 Nbd7 8. O-O O-O 9. Bb2 b5 10. c5 Bc7 11. Ne2 Ne4 12. Bxe4 dxe4 13. Ne5 Bb7 14. Ng3 f5 15. b4 Nf6 16. f3 exf3 17. Qxf3 Qd5 18. a3 Qxf3 19. gxf3 a5 20. e4 fxe4 21. fxe4 axb4 22. axb4 Rxa1 23. Rxa1 Ra8 24. Rxa8+ Bxa8 25. Kg2 Bb7 26. Kf3 Bxe5 27. dxe5 Nd7 28. Ne2 Kf7 29. h4 Nf8 30. Nc1 Bc8 31. Nb3 Bd7 32. Na5 Kg6 33. Kg4 Kf7 34. h5 Be8 35. Bd4 h6 36. Bf2 g5 37. hxg6+ Kxg6 38. Nb7 Nh7 39. Nd6 Bd7 40. Be3 Nf8 41. Bf2 Nh7 42. Bh4 Nf8 43. Be7 Nh7 44. Kh4 h5 45. Bd8 Kh6 46. Be7 Kg6 47. Bd8 Nf8 48. Bg5 Nh7 49. Be3 Nf8 50. Nb7 Nh7 51. Na5 Nf8 52. Bg5 Nh7 53. Bd8 Be8 54. Nb3 Nf8 55. Nd4 Kh6 56. Bg5+ Kg7 57. Kg3 Kf7 58. Bf6 Ng6 59. Nf3 Bd7 60. Ng5+ Kg8 61. Kf3 Bc8 62. Kf2 Bd7 63. Nf3 Be8 64. Nd4 Bd7 65. Ne2 Kh7 66. Ng3 Kh6 67. Ne2 h4 68. Kf3 Kh5 69. Nd4 Nf8 70. Nc2 Nh7 71. Kf4 Be8 72. Nd4 Bd7 73. Nf3 h3 74. Kg3 Kg6 75. Bh4 Kf7 76. Kxh3 Nf8 77. Kg4 Ng6 78. Bf6 Nf8 79. Kh5 Be8 80. Kh6 Kg8 81. Nd4 Kf7 82. Nb3 Ng6 83. Kg5 Nf8 84. Nd4 Nh7+ 85. Kf4 Nxf6 86. exf6 Kxf6 87. Nf3 Ke7 88. Ke5 Bg6 89. Nd4 Be8 90. Nxe6 Bd7 91. Nd4 Bc8 92. Nf5+ Kd8 93. Kf6 Ke8 94. Nd6+ 1-0


[Site "https://www.chess.com"]

[Event "Titled Tuesday Blitz August 1 Late 2023"]
[White "Aronian, Levon"]
[Black "Vetoshko, Volodymyr"]
[WhiteFideId "13300474"]
[BlackFideId "14122480"]
[WhiteElo "3062"]
[BlackElo "2717"]
[Result "1/2-1/2"]
[Round "3"]
[TimeControl "180+1"]
[Date "2023.08.01"]
[WhiteClock "0:00:07"]
[BlackClock "0:00:03"]
[Board "3"]

1. e4 d5 2. exd5 Qxd5 3. Nc3 Qe5+ 4. Be2 Bg4 5. d4 Bxe2 6. Ngxe2 Qa5 7. Bf4 Nf6 8. Qd3 Nc6 9. a3 O-O-O 10. O-O Qh5 11. Qc4 e6 12. Rad1 Bd6 13. Bg3 Bxg3 14. Nxg3 Qh4 15. Nge2 e5 16. Qxf7 exd4 17. Nb1 Rhf8 18. Qe6+ Kb8 19. Ng3 Ng4 20. h3 Nxf2 21. Rxf2 Rxf2 22. Kxf2 Rf8+ 23. Kg1 Qxg3 24. Nd2 a6 25. Rf1 Rxf1+ 26. Nxf1 Qg5 27. Qg8+ Ka7 28. Qxh7 Qf6 29. Qe4 Qg5 30. a4 Qc1 31. b3 Qd1 32. Qf5 Qe2 33. Kh2 Ne5 34. Ng3 Qe1 35. Qe4 Qxe4 36. Nxe4 Kb6 37. Kg3 Kc6 38. Kf4 Kd5 39. g4 d3 40. cxd3 Nxd3+ 41. Ke3 Nc1 42. Nd2 Na2 43. h4 Nb4 44. h5 Ke5 45. Nf3+ Kf6 46. Ke4 c5 47. g5+ Ke6 48. Ne5 Nd5 49. Nd3 Nc3+ 50. Kf3 b6 51. Nf4+ Kf5 52. h6 gxh6 53. gxh6 Kf6 54. Kg4 Ne4 55. Nd5+ Kg6 56. Kf4 Nd2 57. Nxb6 Nxb3 58. Ke5 Kxh6 59. Kd5 Kg5 60. Kc4 Nd2+ 61. Kxc5 Kf6 62. Na8 Ke6 63. Nc7+ Kd7 64. Nxa6 Kc8 65. Kb6 Nc4+ 66. Kb5 Nd6+ 67. Kc6 Nc4 68. Nc5 Ne5+ 69. Kd5 Nd7 70. Ne4 Nb6+ 71. Kc6 Nxa4 1/2-1/2


[Site "https://www.chess.com"]

[Event "Titled Tuesday Blitz August 1 Late 2023"]
[White "only_strong_moves"]
[Black "Andreikin, Dmitry"]
[BlackFideId "4158814"]
[WhiteElo "2711"]
[BlackElo "3052"]
[Result "0-1"]
[Round "3"]
[TimeControl "180+1"]
[Date "2023.08.01"]
[WhiteClock "0:00:15"]
[BlackClock "0:02:05"]
[Board "4"]

1. d4 Nf6 2. c4 e6 3. Nf3 b6 4. g3 Bb7 5. Bg2 Bb4+ 6. Bd2 a5 7. a3 Bxd2+ 8. Nbxd2 a4 9. O-O O-O 10. Qc2 d6 11. Rac1 Nbd7 12. Rfd1 Re8 13. Nf1 Be4 14. Qc3 e5 15. dxe5 dxe5 16. Ne3 h6 17. Rd2 Qe7 18. Nh4 Nc5 19. f3 Bh7 20. Nhf5 Qe6 21. Bh3 Qc6 22. Rf1 Nb3 23. Rdd1 Qc5 24. Kh1 Rad8 25. Rxd8 Rxd8 26. f4 Nd2 27. fxe5 Nfe4 28. Qc1 Bxf5 29. Rxf5 Qxe3 0-1


[Site "https://www.chess.com"]

[Event "Titled Tuesday Blitz August 1 Late 2023"]
[White "Schnaider, Ilan"]
[Black "Makarian, Rudik"]
[WhiteFideId "169013"]
[BlackFideId "44105681"]
[WhiteElo "2686"]
[BlackElo "3019"]
[Result "1-0"]
[Round "3"]
[TimeControl "180+1"]
[Date "2023.08.01"]
[WhiteClock "0:00:02"]
[BlackClock "0:00:00"]
[Board "5"]

1. e4 c5 2. Nf3 e6 3. d4 cxd4 4. Nxd4 Nc6 5. Nc3 a6 6. Be2 Nf6 7. Be3 Qc7 8. O-O Be7 9. f4 d6 10. Qe1 O-O 11. Kh1 Nxd4 12. Bxd4 b5 13. a3 Bb7 14. Bd3 e5 15. Be3 Rac8 16. Qg3 Nh5 17. Qg4 Nxf4 18. Bxf4 exf4 19. Rxf4 g6 20. Raf1 Qc5 21. h4 Qe5 22. Nd5 Bxd5 23. exd5 Rce8 24. h5 Kg7 25. h6+ Kg8 26. Re4 Qg5 27. Qh3 Bf6 28. Rg4 Qe5 29. Re4 Qxb2 30. Ref4 Bg5 31. R4f3 Qe5 32. Qd7 Re7 33. Qh3 f5 34. g4 f4 35. R3f2 Qxd5+ 36. Kg1 Re3 37. Qxe3 Bxh6 38. Qh3 Bg5 39. Be2 Qc5 40. Kh1 Qd5+ 41. Bf3 Qc5 42. Rh2 Rf7 43. Re2 Kg7 44. Qg2 h6 45. Rfe1 Bf6 46. Bd5 Rc7 47. Re8 Be5 48. Re6 Qc3 49. Be4 Kf7 50. Rxg6 Rc4 51. Bf5 Rd4 52. Qb7+ Kf8 53. Qb8+ Ke7 54. Qb7+ Kf8 55. Qc8+ Ke7 56. Qxc3 1-0


[Site "https://www.chess.com"]